 Dungeon Sprint DCSS version 0.21-a0-153-g78480df (webtiles) character file.

27104 minicreteconcrete the Executioner (level 13, -3/120 HPs)
             Began as a Gnoll Wanderer on Aug 1, 2017.
             Was the Champion of Makhleb.
             Killed by divine providence
             ... invoked by a daeva
              (16 damage)
             ... in the Dungeon (Sprint V: "Ziggurat Sprint").
             The game lasted 00:10:16 (437 turns).

minicreteconcrete the Executioner (Gnoll Wanderer)   Turns: 437, Time: 00:10:22

Health: -3/120     AC: 32    Str:  7    XL:     13   Next: 30%
Magic:  33/33      EV: -2    Int:  7    God:    Makhleb [******]
Gold:   0          SH: 31    Dex:  7    Spells: 27/27 levels left

rFire    . . .     SeeInvis +   M - +14 obsidian axe {chop, +Fly SInv *Curse} (curse)
rCold    . . .     Gourm    .   L - +18 shield of the Gong {rElec rN+ MR+ EV-5}
rNeg     + . .     Faith    .   K - +15 Maxwell's patent armour {-Cast -Tele rElec MR+ rCorr}
rPois    +         Spirit   .   d - +0 helmet "Meytol" {rPois MR+ Int-5 Dex+3} (curse)
rElec    +         Reflect  .   (no cloak)
rCorr    +         Harm     .   (no gloves)
MR       +++..     NoTele   +   (no boots) Stlth ..........NoCast +
                                (no amulet)
HPRegen  0.30/turn              Q - ring of Umuinij {+Fly MP+9 Dex+3}
MPRegen  0.23/turn              Y - ring of the Saviour {Int+3 Dex+2 SInv}

@: berserk cooldown, mesmerised, slowed, glowing, studying Stealth, very slow
A: unchanging attributes, fangs 1, strong nose
a: Minor Destruction, Lesser Servant of Makhleb, Major Destruction, Greater
Servant of Makhleb, Renounce Religion, Evoke Flight


You were in the Dungeon.
You worshipped Makhleb.
Makhleb was exalted by your worship.
You were not hungry.

You visited 1 branch

Inventory:

Hand Weapons
 M - the cursed +14 obsidian axe (weapon) {chop, +Fly SInv *Curse}
   (You found it in the Dungeon)

   It inflicts extra damage upon your enemies.
   It lets you see invisible.
   It lets you fly.
   It curses itself when equipped.
   It has a curse placed upon it.
 W - the +3 Elemental Staff {rElec rF++ rC++ MR++ AC+5}
   (You found it in the Dungeon)

   It affects your AC (+5).
   It greatly protects you from fire.
   It greatly protects you from cold.
   It insulates you from electricity.
   It affects your resistance to hostile enchantments.
Armour
 d - the cursed +0 helmet "Meytol" (worn) {rPois MR+ Int-5 Dex+3}
   (You found it in the Dungeon)

   It affects your intelligence (-5).
   It affects your dexterity (+3).
   It protects you from poison.
   It affects your resistance to hostile enchantments.
   It has a curse placed upon it.
 l - +5 shadow dragon scales
 m - a +3 shield
 K - the +15 Maxwell's patent armour (worn) {-Cast -Tele rElec MR+ rCorr}
   (You found it in the Dungeon)

   It insulates you from electricity.
   It affects your resistance to hostile enchantments.
   It prevents spellcasting.
   It prevents most forms of teleportation.
   It protects you from acid and corrosion.
 L - the +18 shield of the Gong (worn) {rElec rN+ MR+ EV-5}
   (You found it in the Dungeon)

   It affects your evasion (-5).
   It insulates you from electricity.
   It protects you from negative energy.
   It affects your resistance to hostile enchantments.
 O - the +2 pair of gloves of Narcissism {+Fly rElec MR- Int+6}
   (You found it in the Dungeon)

   It affects your intelligence (+6).
   It insulates you from electricity.
   It affects your resistance to hostile enchantments.
   It lets you fly.
Magical Staves
 G - an uncursed staff of energy
Jewellery
 I - an uncursed ring of flight
 Q - the ring of Umuinij (left hand) {+Fly MP+9 Dex+3}
   (You found it in the Dungeon)

   [ring of magical power]

   It affects your dexterity (+3).
   It affects your magic capacity (+9).
   It lets you fly.
 U - an uncursed ring of see invisible
 Y - the ring of the Saviour (right hand) {Int+3 Dex+2 SInv}
   (You found it in the Dungeon)

   [ring of see invisible]

   It affects your intelligence (+3).
   It affects your dexterity (+2).
   It lets you see invisible.
 Z - an uncursed ring of stealth
Wands
 C - a wand of disintegration (7/24)
 D - a wand of iceblast (5/15)
 E - a wand of lightning (5/15)
 F - a wand of acid (5/15)
Scrolls
 k - 4 scrolls of blinking
 t - 4 scrolls of amnesia
 u - 3 scrolls of recharging
 v - 6 scrolls of fog
 w - a scroll of holy word
 x - 5 scrolls of identify
 y - 5 scrolls of remove curse
 z - 2 scrolls of fear
Potions
 e - 9 potions of curing
 g - 7 potions of heal wounds
 h - 5 potions of haste
 i - 7 potions of magic
 j - a potion of berserk rage
 n - 2 potions of brilliance
 o - 2 potions of invisibility
 p - 4 potions of resistance
 r - 6 potions of agility
 s - 4 potions of might
Books
 b - Kikubaaqudgha's Reference Book on Stolen Souls

   Spells                             Type                      Level
   a - Corpse Rot                     Necromancy                   2
   b - Sublimation of Blood           Necromancy                   2
 c - the Collected Works on the Volcanoes

   Spells                             Type                      Level
   a - Flame Tongue                   Conjuration/Fire             1
   b - Conjure Flame                  Conjuration/Fire             3
 q - a manual of Stealth
 P - the Compendium of the Hidden Eyes
   (You found it in the Dungeon)

   Spells                             Type                      Level
   a - Static Discharge               Conjuration/Air              3
   b - Bolt of Magma                  Conjuration/Fire/Earth       5
   c - Conjure Ball Lightning         Conjuration/Air              6
   d - Freezing Cloud                 Conjuration/Ice/Air          6
 S - a book of Geomancy

   Spells                             Type                      Level
   a - Sandblast                      Earth                        1
   b - Passwall                       Transmutation/Earth          2
   c - Stone Arrow                    Conjuration/Earth            3
   d - Petrify                        Transmutation/Earth          4
   e - Lee's Rapid Deconstruction     Earth                        5
Miscellaneous
 a - a sack of spiders
 H - a crystal ball of energy
 J - a lightning rod (3/4)
 N - 2 boxes of beasts
 R - a phial of floods
 T - a lamp of fire (inert)
 V - a phantom mirror
 X - a fan of gales
Comestibles
 f - 5 bread rations
 A - 42 fruits
 B - 4 meat rations


   Skills:
 + Level 17.3 Fighting
 + Level 22.6(23.9) Axes
   Level 14.9(20.4) Maces & Flails
 + Level 2.5(10.3) Staves
 + Level 2.3 Throwing
 + Level 12.9 Armour
 * Level 9.6 Dodging
 - Level 12.8 Stealth
 + Level 19.2 Shields
 + Level 2.4 Unarmed Combat
 + Level 7.6 Spellcasting
   Level 1.3 Transmutations
   Level 4.0 Fire Magic
 + Level 4.5 Evocations


You had 27 spell levels left.
You didn't know any spells.

Dungeon Overview and Level Annotations

Branches:
Dungeon (1/1)

Altars:
Ashenzari
Cheibriados
Dithmenos
Elyvilon
Fedhas
Gozag
Hepliaklqana
Kikubaaqudgha
Makhleb
Nemelex Xobeh
Okawaru
Qazlal
Ru
Sif Muna
Trog
Uskayaw
Vehumet
Wu Jian
Xom
Yredelemnul
Zin
The Shining One
Beogh
Jiyva
Lugonu


Innate Abilities, Weirdness & Mutations

Your physical attributes are unchanging.
You have very sharp teeth.
Your uncanny sense of smell can sniff out nearby items.


Message History

Aim: a daeva, wielding an eudemon blade of holy wrath and wearing a large shield (steam, moderately wounded, haloed)
The thunderbolt hits the daeva.
The daeva is heavily wounded.
The thunderbolt hits the ophan.
The ophan is moderately wounded.
The thunderbolt hits the ophan.
The ophan is lightly wounded.
The daeva calls down the wrath of the Shining One upon you.
The Shining One smites you!
* * * LOW HITPOINT WARNING * * *
The daeva is engulfed in blazing flames.
The daeva calls down the wrath of the Shining One upon you.
The Shining One smites you!
* * * LOW HITPOINT WARNING * * *
The ophan is engulfed in blazing flames.
The daeva is engulfed in a cloud of scalding steam.
The daeva is engulfed in blazing flames.
The daeva calls down the wrath of the Shining One upon you.
The Shining One smites you!
You die...

∆ ▓.=)).▓.[.|.▓. §)))∆∆∆
.▓▓..|..▓.....▓.
▓...§.......▓▓.....▓.....▓.
▓....§§.....▓▓.....▓....†▓.
▓.....§§....▓▓.....▓..†..▓.
▓.....§AA...▓▓..©..▓..©..▓▓
..▓...§G▓.§▓▓▓▓▓▓▓▓▓▓▓▓▓▓▓
▓.▓..5▓G▓5▓..8©8...▓..8©8
▓..▓.....▓@3▓..)[)...▓..)|.
▓.....©..335▓...|....▓.....
▓▓▓▓▓▓▓▓▓▓▓▓▓........▓.....
▓....8©8....▓........▓..†††
▓..))[[||}..▓........▓.▓...
▓...[.=):[..▓...©....▓...©.
▓...........▓▓▓▓▓▓▓▓▓▓▓▓▓▓▓
▓.......)...▓...8©8...▓..8©
▓.......(...▓....||...▓....


You could see 2 daevas, 2 ophanim, a friendly sun demon, a friendly smoke demon,
a friendly ynoxinul and 2 friendly ufetubi.

Vanquished Creatures
  A pandemonium lord (D)
  A pearl dragon (D)
  An eldritch tentacle (D)
  2 apis (D)
  2 merfolk javelineers (D)
  A merfolk impaler (D)
  An alligator snapping turtle (D)
  A merfolk aquamancer (D)
  A vampire mage (D)
  A skeletal warrior (D)
  A sea snake (D)
  A spriggan druid (D)
  2 wolf spiders (D)
  2 draconians (D)
  A manticore (D)
  A guardian serpent (D)
  A smoke demon (D)
  A jumping spider (D)
  A wind drake (D)
  A merfolk (D)
  2 spriggans (D)
  2 shadows (D)
  A fire elemental (D)
  A naga (D)
  A floating eye (D)
  An orc warrior (D)
  2 black bears (D)
  A phantom (D)
  2 wolves (D)
  4 scorpions (D)
  3 wights (D)
  A crimson imp (D)
  A quasit (D)
  A jelly (D)
  2 orc wizards (D)
  An orc priest (D)
  An adder (D)
  A white imp (D)
  An ufetubus (D)
  An ooze (D)
  An adder zombie (D)
  3 adder skeletons (D)
  A ball python (D)
  A bat skeleton (D)
  A bat zombie (D)
  A giant cockroach zombie (D)
  2 quokka skeletons (D)
  A fire vortex (D)
65 creatures vanquished.

Vanquished Creatures (collateral kills)
  A pearl dragon (D)
  An apis (D)
  A vampire knight (D)
  A naga warrior (D)
  An anaconda (D)
  A merfolk aquamancer (D)
  A cherub (D)
  A spriggan druid (D)
  A wolf spider (D)
  A guardian serpent (D)
  A black mamba (D)
  A naga mage (D)
  2 jumping spiders (D)
  A slime creature (D)
  A redback (D)
  A tarantella (D)
  A chaos spawn (D)
  A water moccasin (D)
  A black bear (D)
  An orc warrior (D)
  A phantom (D)
  2 scorpions (D)
  An orc wizard (D)
  A ball python (D)
  A leopard gecko skeleton (D)
  A fire vortex (D)
28 creatures vanquished.

Vanquished Creatures (others)
  A fire vortex (D)
1 creature vanquished.

Grand Total: 94 creatures vanquished

Notes
Turn   | Place    | Note
-------+----------+-------------------------------------------
     0 | D        | minicreteconcrete the Gnoll Wanderer began the quest for the Orb.
     0 | D        | minicreteconcrete set off with: a +2 mace, Kikubaaqudgha's Reference Book on Stolen Souls, the Collected Works on the Volcanoes, a +0 robe, a potion of curing, a bread ration, a potion of heal wounds, a potion of haste, 2 potions of magic, a potion of berserk rage, a scroll of blinking
     0 | D        | Reached XP level 1. HP: 15/15 MP: 3/3
    13 | D        | Found a blossoming altar of Fedhas.
    22 | D        | Found a deep blue altar of Sif Muna.
    22 | D        | Found a sacrificial altar of Ru.
    22 | D        | Found a bloodstained altar of Trog.
    22 | D        | Found a stormy altar of Qazlal.
    22 | D        | Found an iron altar of Okawaru.
    22 | D        | Found a sparkling altar of Nemelex Xobeh.
    24 | D        | Found a transporter.
    24 | D        | Found an ancient bone altar of Kikubaaqudgha.
    24 | D        | Found a viscous altar of Jiyva.
    24 | D        | Found a corrupted altar of Lugonu.
    24 | D        | Found a hazy altar of Hepliaklqana.
    24 | D        | Found a burning altar of Makhleb.
    24 | D        | Found an opulent altar of Gozag.
    66 | D        | Reached skill level 2 in Axes
    66 | D        | Reached XP level 2. HP: 23/23 MP: 4/6
    70 | D        | Became a worshipper of Makhleb the Destroyer
    77 | D        | Entered arena 2.
    77 | D        | Noticed a draconian
    77 | D        | Noticed a draconian
    77 | D        | Found a transporter.
    89 | D        | Killed a draconian
    89 | D        | Reached skill level 7 in Axes
    89 | D        | Reached skill level 5 in Spellcasting
    89 | D        | Reached XP level 3. HP: 35/35 MP: 7/10
    89 | D        | Reached XP level 4. HP: 41/41 MP: 7/11
    89 | D        | Reached XP level 5. HP: 47/47 MP: 8/13
    89 | D        | Reached XP level 6. HP: 53/53 MP: 8/14
    91 | D        | Killed a draconian
    91 | D        | Reached skill level 8 in Axes
    91 | D        | Reached skill level 5 in Shields
    91 | D        | Reached XP level 7. HP: 61/61 MP: 8/16
    92 | D        | Identified Kikubaaqudgha's Reference Book on Stolen Souls
    92 | D        | Identified the Collected Works on the Volcanoes
   101 | D        | Entered arena 3.
   101 | D        | Noticed a jumping spider
   101 | D        | Noticed a tarantella
   101 | D        | Noticed a jumping spider
   101 | D        | Found a transporter.
   105 | D        | Killed a tarantella
   105 | D        | Reached * piety under Makhleb
   105 | D        | Reached skill level 9 in Axes
   105 | D        | Reached skill level 5 in Stealth
   105 | D        | Killed a jumping spider
   105 | D        | Reached XP level 8. HP: 68/68 MP: 10/18
   108 | D        | Killed a jumping spider
   108 | D        | Reached skill level 10 in Axes
   112 | D        | Got the +2 pair of gloves of Narcissism {+Fly rElec MR- Int+6}
   114 | D        | Entered arena 4.
   114 | D        | Found a transporter.
   121 | D        | Reached ** piety under Makhleb
   129 | D        | Entered arena 5.
   129 | D        | Noticed a slime creature
   129 | D        | Found a transporter.
   130 | D        | Paralysed by a floating eye for 3 turns
   136 | D        | Killed a slime creature
   136 | D        | Reached *** piety under Makhleb
   136 | D        | Reached skill level 11 in Axes
   142 | D        | Entered arena 6.
   142 | D        | Noticed a jumping spider
   142 | D        | Found a transporter.
   145 | D        | Killed a jumping spider
   146 | D        | Reached XP level 9. HP: 76/76 MP: 17/20
   146 | D        | Reached **** piety under Makhleb
   154 | D        | Identified the Compendium of the Hidden Eyes (You found it in the Dungeon)
   156 | D        | Got the ring of Umuinij {+Fly MP+9 Dex+3}
   159 | D        | Entered arena 7.
   160 | D        | Found a transporter.
   165 | D        | Reached skill level 12 in Axes
   167 | D        | Reached ***** piety under Makhleb
   178 | D        | Entered arena 8.
   178 | D        | Noticed a wolf spider
   178 | D        | Noticed a wolf spider
   178 | D        | Noticed a wolf spider
   179 | D        | Found a transporter.
   182 | D        | Reached skill level 5 in Armour
   183 | D        | Killed a wolf spider
   183 | D        | Reached skill level 10 in Fighting
   183 | D        | Reached skill level 13 in Axes
   186 | D        | Killed a wolf spider
   186 | D        | Reached skill level 14 in Axes
   189 | D        | Killed a wolf spider
   189 | D        | Reached skill level 15 in Axes
   189 | D        | Reached XP level 10. HP: 54/87 MP: 21/21
   199 | D        | Entered arena 9.
   199 | D        | Noticed a smoke demon
   199 | D        | Noticed Kubbyem the pandemonium lord
   201 | D        | Found a transporter.
   205 | D        | Reached ****** piety under Makhleb
   210 | D        | Killed a smoke demon
   218 | D        | Killed Kubbyem the pandemonium lord
   218 | D        | Reached skill level 19 in Axes
   218 | D        | Reached skill level 10 in Stealth
   218 | D        | Reached XP level 11. HP: 98/98 MP: 22/22
   236 | D        | Entered arena 10.
   237 | D        | Found a transporter.
   253 | D        | Entered arena 11.
   253 | D        | Noticed a spriggan druid
   253 | D        | Noticed a spriggan druid
   254 | D        | Found a transporter.
   258 | D        | Killed a spriggan druid
   258 | D        | Reached skill level 20 in Axes
   260 | D        | Killed a spriggan druid
   268 | D        | Got the ring of the Saviour {Int+3 Dex+2 SInv}
   271 | D        | Entered arena 12.
   271 | D        | Noticed a merfolk aquamancer
   271 | D        | Noticed a merfolk impaler
   271 | D        | Noticed a merfolk javelineer
   272 | D        | Noticed a sea snake
   272 | D        | Noticed an alligator snapping turtle
   272 | D        | Noticed a manticore
   272 | D        | Noticed a merfolk aquamancer
   272 | D        | Noticed a merfolk javelineer
   273 | D        | Found a transporter.
   277 | D        | Killed a sea snake
   282 | D        | Killed a merfolk aquamancer
   289 | D        | Killed a merfolk javelineer
   289 | D        | Reached skill level 15 in Shields
   292 | D        | Killed an alligator snapping turtle
   292 | D        | Reached skill level 21 in Axes
   292 | D        | Reached XP level 12. HP: 102/107 MP: 23/23
   295 | D        | Killed a merfolk javelineer
   304 | D        | Killed a merfolk aquamancer
   304 | D        | Reached skill level 10 in Armour
   306 | D        | Killed a merfolk impaler
   319 | D        | Entered arena 13.
   319 | D        | Noticed an anaconda
   319 | D        | Killed an anaconda
   320 | D        | Noticed a naga warrior
   322 | D        | Reached skill level 15 in Fighting
   332 | D        | Killed a naga warrior
   333 | D        | Found a transporter.
   341 | D        | Entered arena 14.
   342 | D        | Noticed a vampire knight
   343 | D        | Noticed a vampire mage
   344 | D        | Found a transporter.
   359 | D        | Killed a vampire mage
   362 | D        | Killed a vampire knight
   362 | D        | Reached skill level 5 in Dodging
   376 | D        | Entered arena 15.
   378 | D        | Noticed an apis
   378 | D        | Noticed an apis
   378 | D        | Noticed a pearl dragon
   379 | D        | Noticed a pearl dragon
   379 | D        | Found a transporter.
   384 | D        | Noticed a soul eater
   391 | D        | Killed an apis
   392 | D        | Killed a pearl dragon
   392 | D        | Reached skill level 22 in Axes
   397 | D        | Killed an apis
   397 | D        | Reached XP level 13. HP: 62/119 MP: 24/24
   399 | D        | Killed a pearl dragon
   412 | D        | Got the cursed +0 helmet "Meytol" {rPois MR+ Int-5 Dex+3}
   419 | D        | Entered arena 16.
   423 | D        | Noticed an ophan
   423 | D        | Noticed an apis
   430 | D        | Noticed a daeva
   431 | D        | Noticed a daeva
   432 | D        | Noticed an ophan
   435 | D        | Killed an apis
   437 | D        | Killed from afar by a daeva

Vault maps used:
D:        sprint_v

Skill      XL: |  1  2  3  4  5  6  7  8  9 10 11 12 13 |
---------------+----------------------------------------+-----
Fighting       | 2 6 7 8 9 11 13 14 16 17 | 17.3
Axes           | 2 7 8 9 11 15 19 21 22 | 22.6
Maces & Flails | 3 11 13 14 | 14.9
Staves         | 2 |  2.5
Throwing       | 2 |  2.3
Armour         | 2 3 4 5 7 9 12 | 12.9
Dodging        | 2 7 9 |  9.6
Stealth        | 2 4 5 7 8 10 12 | 12.8
Shields        | 2 4 5 6 9 13 15 18 19 | 19.2
Unarmed Combat | 2 |  2.4
Spellcasting   | 3 5 6 7 |  7.6
Evocations     | 3 4 |  4.5
Transmutations | |  1.3
Fire Magic     | |  4.0

Action                   |  1- 3 |  4- 6 |  7- 9 | 10-12 | 13-15 || total
-------------------------+-------+-------+-------+-------+-------++-------
Melee: Broad axe         |    10 |     2 |    34 |    99 |    13 ||   158
       Bite              |     1 |       |       |     7 |       ||     8
Evoke: Lamp of fire      |       |       |       |     1 |     1 ||     2
       Lightning rod     |       |       |       |       |     1 ||     1
  Use: Potion            |     2 |       |       |     6 |     1 ||     9
       Scroll            |       |       |       |     1 |     1 ||     2
 Stab: Distracted        |       |     1 |     1 |     3 |       ||     5
Armor: Plate armour      |     9 |       |    23 |    25 |     5 ||    62
Dodge: Dodged            |       |       |       |     2 |     1 ||     3
Block: Shield            |    16 |     2 |    45 |   144 |    10 ||   217
